 Dungeon Crawl Stone Soup version 0.27.1-3-gb3d3a73c9e (webtiles) character file.

Game seed: 12674806782998326631

121 Sirial the Shield-Bearer (level 5, -22/61 HPs)
             Began as a Human Fighter on Oct 19, 2021.
             Blown up by Ijyb (25 damage)
             ... with a mindburst bolt
             ... on level 3 of the Dungeon.
             The game lasted 00:06:31 (3350 turns).

Sirial the Shield-Bearer (Human Fighter)            Turns: 3350, Time: 00:06:32

Health: -22/61     AC: 22    Str: 17    XL:     5   Next: 26%
Magic:  5/5        EV:  2    Int: 11    God:
Gold:   101        SH:  9    Dex: 16    Spells: 4/4 levels left

rFire    . . .     SeeInvis .   a - +0 long sword
rCold    + . .     Faith    .   c - +0 kite shield
rNeg     + + +     Spirit   .   (armour currently unavailable)
rPois    +         Reflect  .   (helmet currently unavailable)
rElec    .         Harm     .   (cloak currently unavailable)
rCorr    .         Rampage  .   (gloves currently unavailable)
Will     .....     NoTele   +   (boots currently unavailable)
Stlth    +.........             (no amulet)
HPRegen  0.20/turn              g - ring "Belocutt" {rC+ Int+3 Dex+3 Slay+2}
MPRegen  0.09/turn              (no ring)

@: mighty, tree-form
A: stationary, stasis, torment immunity, boosted hp
a: no special abilities


You were on level 3 of the Dungeon.
You were a tree.
You visited 1 branch of the dungeon, and saw 3 of its levels.

You collected 101 gold pieces.

Inventory:

Hand Weapons
 a - a +0 long sword (weapon)
Missiles
 f - 7 silver javelins (quivered)
Armour
 b - a +0 scale mail (melded)
 c - a +0 kite shield (worn)
Jewellery
 g - the ring "Belocutt" (left branch) {rC+ Int+3 Dex+3 Slay+2}
   (You acquired it on level 2 of the Dungeon)

   [ring of protection from cold]

   Int:       It affects your intelligence (+3).
   Dex:       It affects your dexterity (+3).
   Slay:      It affects your accuracy & damage with ranged weapons and melee
   (+2).
   rC:        It protects you from cold.
Scrolls
 i - 3 scrolls of amnesia
Potions
 d - 2 potions of might


   Skills:
 + Level 3.6 Fighting
 + Level 3.0 Long Blades
 + Level 3.5 Armour
 + Level 1.4 Dodging
 + Level 3.7 Shields


You had 4 spell levels left.
You didn't know any spells.
Your spell library contained the following spells:

 Spells                   Type           Power      Damage    Failure   Level
 Magic Dart               Conj           0%         1d3       83%         1
 Call Imp                 Summ           0%         N/A       92%         2
 Mephitic Cloud           Conj/Pois/Air  0%         N/A       99%         3
 Animate Dead             Necr           0%         N/A       100%        4
 Haunt                    Necr/Summ      0%         N/A       100%        7
 Infestation              Necr           0%         N/A       100%        8


Dungeon Overview and Level Annotations

Branches:
Dungeon (3/15)

Altars:
Cheibriados
Kikubaaqudgha
Uskayaw
Yredelemnul

Shops:
D:1 [

Annotations:
D:3 2 transporters, Ijyb


Message History

The giant cockroach closely misses you.
You riposte.
You closely miss the giant cockroach. Ijyb hits you but does no damage.
You block the giant cockroach's attack. Ijyb hits you but does no damage.
You closely miss Ijyb.
Ijyb is heavily wounded.
The giant cockroach bites you but does no damage.
Ijyb closely misses you.
You riposte.
You closely miss Ijyb.
Ijyb is moderately wounded.
The giant cockroach bites you but does no damage.
You hit Ijyb.
Ijyb is heavily wounded.
Ijyb screams, "Me very upset!"
Ijyb hits you with a +0 club.
* * * LOW HITPOINT WARNING * * *
You block the giant cockroach's attack. Ijyb hits you but does no damage.
You slash Ijyb!
Ijyb is severely wounded.
The giant cockroach barely misses you.
The giant cockroach bites you but does no damage.
Ijyb hits you but does no damage.
You closely miss Ijyb.
Ijyb is severely wounded.
The giant cockroach bites you but does no damage.
Ijyb zaps a wand.
You barely resist. You block the giant cockroach's attack.
Ijyb screams, "I no like you!"
Ijyb zaps a wand.
Your mind is blasted!
* * * LOW HITPOINT WARNING * * *
Really quaff the potion of lignification?
You turn into a tree.
Your +0 scale mail melds into your body.
Your roots penetrate the ground.
You block the giant cockroach's attack. Ijyb hits you with a +0 club.
* * * LOW HITPOINT WARNING * * *
You slash the giant cockroach!
You kill the giant cockroach!
Ijyb hits you but does no damage.
You completely miss Ijyb.
Ijyb is severely wounded.
Ijyb zaps a wand.
Your mind is blasted!
You die...

#......##########
...<.#........ ..#...#
.....#......#.<. ......#
.....#.####.#..# ..#..$#
............#..# .....
............#..# $...
#+#.........#..##..#####
#.........#..#g!......
#########.##.#♣...#
#.........# ######..)##
...## ..... .#.#### ....
#.#.. ..


You could see Ijyb.

Vanquished Creatures
  4 adders
  4 worms (D:2)
  A dart slug (D:1)
  5 bats
  7 endoplasms
  4 giant cockroaches
  3 goblins (D:2)
  9 hobgoblins
  2 jackals (D:1)
  6 kobolds
  3 quokkas
  7 ball pythons
  5 frilled lizards
  6 rats
66 creatures vanquished.

Notes
Turn   | Place    | Note
-------+----------+-------------------------------------------
     0 | D:1      | Sirial the Human Fighter began the quest for the Orb.
     0 | D:1      | Reached XP level 1. HP: 18/18 MP: 1/1
   131 | D:1      | Reached XP level 2. HP: 24/24 MP: 2/2
   620 | D:1      | Found Offiotol's Antique Armour Shoppe.
   679 | D:1      | Reached XP level 3. HP: 29/29 MP: 3/3
  1266 | D:2      | Found a snail-covered altar of Cheibriados.
  1570 | D:2      | Reached skill level 1 in Dodging
  1570 | D:2      | Reached XP level 4. HP: 31/35 MP: 4/4
  2073 | D:2      | Identified a scroll of acquirement
  2073 | D:2      | Acquired the ring "Belocutt" {rC+ Int+3 Dex+3 Slay+2}
  2668 | D:3      | Reached XP level 5. HP: 40/41 MP: 5/5
  2709 | D:3      | Found a transporter.
  2723 | D:3      | Noticed an ogre
  2724 | D:3      | Found a transporter.
  2724 | D:3      | Noticed a bullfrog
  2729 | D:3      | Noticed an ogre
  2736 | D:3      | Found an ancient bone altar of Kikubaaqudgha.
  2736 | D:3      | Found a hide-covered altar of Uskayaw.
  2736 | D:3      | Found a basalt altar of Yredelemnul.
  3329 | D:3      | Noticed Ijyb
  3347 | D:3      | HP: 2/41 [disintegration (9)]
  3350 | D:3      | Blown up by Ijyb

Illustrated notes

Levels and vault maps discovered:
D:1:      lightli_arrival_isolated_outpost, layout_basic, serial_shops,
          nicolae_shop_crystal, minmay_misc_feat_iff, minmay_vboxes
D:2:      layout_basic, basic_altar, minmay_divided_ellipse
D:3:      layout_basic, gammafunk_temple_overflow_arena, dk_noncrumbling_3,
          uniq_ijyb

Skill      XL: |  1  2  3  4 |
---------------+-------------+-----
Dodging        | 1 |  1.4
Long Blades    | 3 |  3.0
Fighting       | |  3.6
Armour         | |  3.5
Shields        | |  3.7

Action                   |  1- 3 |  4- 6 || total
-------------------------+-------+-------++-------
Melee: Long sword        |    91 |   116 ||   207
Throw: Javelin           |       |     7 ||     7
  Use: Scroll            |     7 |     2 ||     9
       Potion            |       |     4 ||     4
Armor: Scale mail        |    61 |    52 ||   113
       Skin              |       |     1 ||     1
Dodge: Dodged            |    47 |    47 ||    94
Block: Kite shield       |    83 |    68 ||   151
       Rpst.: Long sword |    12 |    14 ||    26
